 Dungeon Crawl Stone Soup version 0.27.0-1-g7a089689b8 (webtiles) character file.

Game seed: 6542256857128034676

420 inmateoo the Chucker (level 6, -1/60 (61) HPs)
             Began as a Troll Hunter on Aug 9, 2021.
             Slain by Crazy Yiuf (14 damage)
             ... on level 3 of the Dungeon.
             The game lasted 00:03:16 (2080 turns).

inmateoo the Chucker (Troll Hunter)                 Turns: 2080, Time: 00:03:17

HP:   -1/60 (61)    AC:  5    Str: 21    XL:     6   Next: 62%
MP:   5/5           EV: 10    Int:  7    God:
Gold: 105           SH:  0    Dex: 12    Spells: 5/5 levels left

rFire    . . .     SeeInvis .     - Unarmed
rCold    . . .     Faith    .   (no shield)
rNeg     . . .     Spirit   .   b - +1 robe
rPois    .         Reflect  .   (helmet restricted)
rElec    .         Harm     .   (no cloak)
rCorr    .         Rampage  .   (gloves unavailable)
Will     .....                  (boots unavailable)
Stlth    ++........             (no amulet)
HPRegen  1.20/turn              (no ring)
MPRegen  0.09/turn              (no ring)

@: lightly drained
A: large, unfitting armour, claws 3, regeneration 1, shaggy fur 1, tough skin 1
a: no special abilities


You were on level 3 of the Dungeon.
You visited 1 branch of the dungeon, and saw 3 of its levels.
You also visited: Sewer.

You collected 105 gold pieces.

Inventory:

Missiles
 c - 5 large rocks
 d - 2 throwing nets
 i - 5 curare-tipped darts (quivered)
 o - 5 javelins
Armour
 b - a +1 robe (worn)
Wands
 k - a wand of flame (39)
Scrolls
 a - 3 scrolls of teleportation
 l - a scroll of identify
Potions
 e - 2 potions of might
 f - 2 potions of magic {unknown}
 g - 2 potions of invisibility {unknown}
 h - a potion of curing
 j - a potion of mutation {unknown}
 m - a potion of haste
 p - 2 potions of brilliance {unknown}
 q - 2 potions of heal wounds {unknown}


   Skills:
 + Level 3.0 Fighting
 + Level 4.5 Throwing
 + Level 2.9 Dodging
 + Level 1.8 Stealth
 + Level 2.7 Unarmed Combat


You had 5 spell levels left.
You didn't know any spells.
Your spell library contained the following spells:

 Spells                   Type           Power      Damage    Failure   Level
 Gell's Gravitas          Tloc           0%         N/A       80%         3
 Lesser Beckoning         Tloc           0%         N/A       80%         3
 Teleport Other           Tloc           0%         N/A       80%         3


Dungeon Overview and Level Annotations

Branches:
Dungeon (3/15)              Sewer (visited)

Altars:
Sif Muna

Annotations:
D:3 Crazy Yiuf


Innate Abilities, Weirdness & Mutations

You are too large for most types of armour.
You have claws for hands.
Your natural rate of healing is unusually fast.
You are covered in fur. (AC +1)
You have tough skin. (AC +1)


Message History

Things that are here:
a +0 dagger; a goblin skeleton
Found 15 stones.
No target in view!
No target in view!
Found a glowing mace and a runed mace.
Found a runed translucent door.
No target in view!
Found a mace.
No reachable target in view!
Crazy Yiuf shouts!
Found a mace and a runed mace.
No reachable target in view!
No reachable target in view!
You open the door. You claw Crazy Yiuf!
Crazy Yiuf is heavily wounded.
Crazy Yiuf hits you with a +4 quarterstaff of chaos!
You are electrocuted!!
You claw Crazy Yiuf!
Crazy Yiuf is severely wounded.
Crazy Yiuf hits you with a +4 quarterstaff of chaos.
You feel drained.
You are too injured to fight recklessly!
You scratch Crazy Yiuf but do no damage.
Crazy Yiuf is severely wounded.
Crazy Yiuf hits you with a +4 quarterstaff of chaos!
* * * LOW HITPOINT WARNING * * *
Crazy Yiuf burns you.
* * * LOW HITPOINT WARNING * * *
You are too injured to fight recklessly!
You scratch Crazy Yiuf.
Crazy Yiuf is almost dead.
Crazy Yiuf cries, "Tonal turtle bag!"
Crazy Yiuf misses you.
Unknown command.
You scratch Crazy Yiuf but do no damage.
Crazy Yiuf is almost dead.
Crazy Yiuf laughs, "Peeping!
Gnoll turtle snockshim."
Crazy Yiuf hits you with a +4 quarterstaff of chaos!
You die...

#.#
#..........###.#
#.#
#######.#.###.##
#.# ##..##.## #.#
##### ##.#.## #.#
#).)# #..## #.#
#.))# #.## #.# .).
###.# ###†# #g#
#...# #...# #@##
#[### ### #.###
##.# #.# #.. #.#
#.## #.# #.# #)#
##.# #.# #.# #.#
##.## #.# #.# #.#
##...# #.# #.# #.#
#P.PP# #.# ###.#
#.# #....# ##.##
#.... #.#
#....###...####.#.#


You could see Crazy Yiuf.

Vanquished Creatures
  Grinder (D:3)
  A kobold brigand (Sewer)
  Robin (D:3)
  7 adders
  3 worms
  A dart slug (D:1)
  6 ball pythons
  6 endoplasms
  2 giant cockroaches
  20 goblins
  5 hobgoblins
  2 jackals (D:1)
  4 quokkas
  4 bats
  5 frilled lizards
  10 kobolds
  6 rats
84 creatures vanquished.

Notes
Turn   | Place    | Note
-------+----------+-------------------------------------------
     0 | D:1      | inmateoo the Troll Hunter began the quest for the Orb.
     0 | D:1      | Reached XP level 1. HP: 19/19 MP: 0/0
    68 | D:1      | Reached XP level 2. HP: 27/28 MP: 1/1
   652 | D:1      | Reached skill level 1 in Unarmed Combat
   657 | D:1      | Reached XP level 3. HP: 35/35 MP: 2/2
   806 | D:2      | Found a shimmering blue altar of Sif Muna.
  1003 | D:2      | Found a faded altar of an unknown god.
  1017 | D:2      | Reached skill level 1 in Stealth
  1166 | D:3      | Reached XP level 4. HP: 42/42 MP: 3/3
  1334 | D:3      | Noticed Grinder
  1352 | D:3      | Paralysed by Grinder for 5 turns
  1357 | D:3      | Killed Grinder
  1358 | D:3      | Reached skill level 4 in Throwing
  1358 | D:3      | Reached XP level 5. HP: 9/50 MP: 4/4
  1430 | D:3      | Found a glowing drain.
  1433 | D:3      | Reached XP level 6. HP: 59/59 MP: 5/5
  1441 | Sewer    | Entered a sewer
  1760 | D:3      | Noticed Robin
  1781 | D:3      | Killed Robin
  2071 | D:3      | Found a runed translucent door.
  2072 | D:3      | Noticed Crazy Yiuf
  2080 | D:3      | Slain by Crazy Yiuf

Illustrated notes

Levels and vault maps discovered:
D:1:      tarquinn_simple_flora_water_e, layout_basic, minmay_pentomino_r2
D:2:      layout_rooms, basic_altar, shapermc_ecumenical_altar_starsandcircs
D:3:      layout_loops_ring, portal_sewer_entry_d, uniq_grinder, uniq_robin,
          uniq_crazy_yiuf_cottage

Skill      XL: |  1  2  3  4  5  6 |
---------------+-------------------+-----
Unarmed Combat | 1 2 |  2.7
Fighting       | 2 3 |  3.0
Dodging        | 2 |  2.9
Stealth        | 1 |  1.8
Throwing       | 4 |  4.5

Action                   |  1- 3 |  4- 6 || total
-------------------------+-------+-------++-------
Melee: Unarmed           |   103 |   124 ||   227
       Punch             |     1 |       ||     1
Throw: Dart              |       |     4 ||     4
       Javelin           |       |     1 ||     1
  Use: Scroll            |     8 |     1 ||     9
 Stab: Sleeping          |     1 |     3 ||     4
Armor: Robe              |    41 |    41 ||    82
Dodge: Dodged            |    40 |    54 ||    94
